 Dungeon Crawl Stone Soup version 0.22-b1-26-g9dbaab1 (webtiles) character file.

105 abbott299 the Insei (level 4, 0/29 HPs)
             Began as an Octopode Transmuter on Aug 7, 2018.
             Succumbed to an adder's poison
             ... on level 3 of the Dungeon.
             The game lasted 00:04:21 (1396 turns).

abbott299 the Insei (Octopode Transmuter)           Turns: 1396, Time: 00:04:22

Health: 0/29       AC:  3    Str:  9    XL:     4   Next: 81%
Magic:  7/7        EV: 14    Int: 15    God:
Gold:   130        SH:  0    Dex: 13    Spells: 7/8 levels left

rFire    . . .     SeeInvis .     - Unarmed
rCold    . . .     Gourm    .   (no shield)
rNeg     . . .     Faith    .   b - +2 hat
rPois    .         Spirit   .   (no amulet)
rElec    .         Reflect  .   (no ring)
rCorr    .         Harm     .   (no ring)
MR       .....                  (no ring)
Stlth    ++........             (no ring)
HPRegen  0.09/turn              (no ring)
MPRegen  0.10/turn              (no ring)
                                (no ring)
                                (no ring)

@: lethally poisoned (0 -> -9), flying
A: almost no armour, stealthy swim, amphibious, 8 rings, constrict 8, camouflage
1, gelatinous body 1
a: no special abilities


You were on level 3 of the Dungeon.
You were not hungry.

You visited 1 branch of the dungeon, and saw 3 of its levels.

You collected 130 gold pieces.

Inventory:

Missiles
 a - 17 arrows
Armour
 b - a +2 hat (worn)
   (You found it on level 1 of the Dungeon)
Scrolls
 d - 2 scrolls of magic mapping {unknown}
 e - a scroll of fear {unknown}
 h - a scroll of identify {unknown}
Comestibles
 c - 6 rations


   Skills:
 + Level 1.9 Fighting
 + Level 2.6 Dodging
 + Level 3.4 Unarmed Combat
 + Level 2.5 Spellcasting
 * Level 3.2 Transmutations


You had 7 spell levels left.
You knew the following spells:

 Your Spells              Type           Power        Failure   Level  Hunger
a - Beastly Appendage     Tmut           ##....       5%          1    #......

Your spell library contained the following spells:

 Spells                   Type           Power        Failure   Level  Hunger
 Spider Form              Tmut/Pois      #.........   32%         3    ###....
 Blade Hands              Tmut           ##........   83%         5    ######.
 Ice Form                 Ice/Tmut       #.......     73%         4    #####..
 Sticks to Snakes         Tmut           ##......     9%          2    ###....


Dungeon Overview and Level Annotations

Branches:
Dungeon (3/15)

Altars:

Portals:
Sewer: D:3


Innate Abilities, Weirdness & Mutations

You cannot wear most types of armour.
You are very stealthy in the water. (Stealth+)
You are amphibious.
You can wear up to eight rings at the same time.
You can use your tentacles to constrict eight enemies at once.
Your skin changes colour to match your surroundings (Stealth+).
Your rubbery body absorbs attacks. (AC +1, EV +1)


Message History

The rat splashes around in the water.
You tentacle-slap the worm. You constrict the worm.
The rat splashes around in the water.
The worm misses you.
Unknown command.
You tentacle-slap the worm.
You kill the worm!
The rat misses you.
You closely miss the rat. Your grab misses the rat.
The rat splashes around in the water.
Unknown command.
You tentacle-slap the rat. Your grab misses the rat. You squeeze the rat.
You kill the rat!
No target in view!
A river rat comes into view.
You see here a worm corpse.
A river rat comes into view.
The river rat barely misses you.
You closely miss the river rat. You grab the river rat.
You squeeze the river rat. You constrict the river rat.
The river rat barely misses you.
You tentacle-slap the river rat.
You kill the river rat!
The river rat barely misses you.
You tentacle-slap the river rat but do no damage.
You grab the river rat.
You constrict the river rat, but do no damage.
The river rat bites you.
You take 5 damage, and have 24/29 hp.
You tentacle-slap the river rat. You constrict the river rat.
The river rat closely misses you.
You tentacle-slap the river rat but do no damage.
You constrict the river rat. The river rat bites you.
You take 6 damage, and have 18/29 hp.
MASSIVE DAMAGE!!
You tentacle-slap the river rat.
You constrict the river rat, but do no damage.
The river rat bites you!
You take 9 damage, and have 9/29 hp.
MASSIVE DAMAGE!!
You tentacle-slap the river rat but do no damage.
You squeeze the river rat.
You kill the river rat!
You see here a river rat corpse.
The river rat corpse isn't edible.
You start resting.
You are feeling hungry.
Okay, then.
The river rat corpse isn't edible.
The river rat corpse isn't edible.
You see here a river rat corpse.
You see here a rat corpse.
You butcher the rat corpse.
f - a chunk of flesh {@w0} Eating a chunk of flesh {@w0}.
You eat the chunk of flesh {@w0}.
You start resting.
You hear the slow rusting of a drain.
You see here a river rat corpse.
A worm comes into view.
An adder comes into view.
An adder comes into view.
Found a glowing drain.
The adder hisses angrily.
You barely miss the adder. Your grab misses the adder. The adder bites you.
You are poisoned.
The adder poisons you! The adder closely misses you.
You take 2 damage, and have 12/29 hp.
You closely miss the adder. Your grab misses the adder.
You feel sick. The adder bites you.
You take 2 damage, and have 10/29 hp.
You miss the adder. Your grab misses the adder. The adder bites you.
* * * LOW HITPOINT WARNING * * *
You are lethally poisoned!
The adder poisons you!
You take 2 damage, and have 8/29 hp.
You tentacle-slap the adder. Your grab misses the adder.
Your squeeze misses the adder.
* * * LOW HITPOINT WARNING * * *
You feel sick. The adder bites you.
* * * LOW HITPOINT WARNING * * *
You are more poisoned.
The adder poisons you!
You take 4 damage, and have 4/29 hp.
It was a potion of flight.
You feel very buoyant.
You fly up into the air.
* * * LOW HITPOINT WARNING * * *
You feel sick. The adder barely misses you.
The adder bites you but does no damage.
You take 1 damage, and have 3/29 hp.
You tentacle-slap the adder but do no damage.
You grab the adder. You squeeze the adder. You constrict the adder.
* * * LOW HITPOINT WARNING * * *
You feel sick. The adder misses you.
You take 1 damage, and have 2/29 hp.
You tentacle-slap the adder. You squeeze the adder.
You kill the adder!
* * * LOW HITPOINT WARNING * * *
You feel sick.
You take 1 damage, and have 1/29 hp.
You die...

#.......# #### #.......# ##>..
+........ ..... #.......
.....++..... ........≈≈#########
.......≈≈≈#∩≈≈≈≈@≈#
........#≈#######≈##
.......†≈≈#≈≈≈≈≈≈≈≈#.#
.......≈#≈#≈########.######
......≈≈≈≈#≈≈≈≈≈# #.... .# #
.......≈#≈#≈#≈#≈≈≈w#...# .#.# #
.......≈#†#≈#S# ###...##.#.#.#
........#≈≈≈# ≈ #.............
##......############......<##.#..


There were no monsters in sight!

Vanquished Creatures
  2 adders (D:3)
  2 river rats (D:3)
  3 worms (D:3)
  3 dart slugs (D:1)
  2 leopard geckos (D:1)
  4 orcs (D:3)
  A giant cockroach (D:1)
  3 goblins (D:1)
  6 hobgoblins (D:1)
  8 jackals (D:1)
  4 kobolds (D:1)
  2 bats (D:1)
  2 frilled lizards (D:1)
  3 rats
45 creatures vanquished.

Vanquished Creatures (others)
  A leopard gecko (D:1)
1 creature vanquished.

Grand Total: 46 creatures vanquished

Notes
Turn   | Place    | Note
-------+----------+-------------------------------------------
     0 | D:1      | abbott299 the Octopode Transmuter began the quest for the Orb.
     0 | D:1      | Reached XP level 1. HP: 13/13 MP: 3/3
    39 | D:1      | Reached XP level 2. HP: 7/18 MP: 5/5
   478 | D:1      | Reached XP level 3. HP: 23/23 MP: 6/6
  1254 | D:3      | Reached XP level 4. HP: 27/28 MP: 7/7
  1313 | D:3      | Reached skill level 3 in Transmutations
  1387 | D:3      | Found a glowing drain.
  1392 | D:3      | HP: 7/29 [poisoned by an adder]
  1393 | D:3      | HP: 3/29 [poisoned by an adder]
  1395 | D:3      | HP: 1/29 [poisoned by an adder]
  1396 | D:3      | Succumbed to an adder's poison

Skill      XL: |  1  2  3  4 |
---------------+-------------+-----
Transmutations | 3 |  3.2
Fighting       | |  1.9
Dodging        | |  2.6
Unarmed Combat | |  3.4
Spellcasting   | |  2.5

Action                   |  1- 3 |  4- 6 || total
-------------------------+-------+-------++-------
Melee: Unarmed           |    86 |    38 ||   124
       Constrict         |    27 |     8 ||    35
       Tentacles         |    23 |     8 ||    31
       Punch             |     3 |       ||     3
  Use: Potion            |       |     1 ||     1
 Stab: Sleeping          |     4 |       ||     4
  Eat: Chunk             |     1 |     1 ||     2
Armor: Skin              |     9 |     3 ||    12
Dodge: Dodged            |    44 |    16 ||    60

Vault maps used:
D:1:      dpeg_arrival_refuge, grunt_decor_resistance, minmay_cut_off
D:2:      nicolae_overflow_quartered_altars
D:3:      chequers_ecumenical_altar_simple, lightli_sewer_entry_pipes

Table legend:
 A = Turns spent in this place as a percentage of turns spent in the entire game.
 B = Non-inter-level travel turns spent in this place as a percentage of non-inter-level travel turns spent in the entire game.
 C = Inter-level travel turns spent in this place as a percentage of turns spent in this place.
 D = Turns resting spent in this place as a percentage of non-inter-level travel turns spent in this place.
 E = Turns spent auto-exploring this place as a percentage of non-inter-level travel turns spent in this place.
 F = Non-inter-level travel turns spent in this place divided by the number of levels of this place that you've seen.
                   A       B       C       D       E      F
               +-------+-------+-------+-------+-------+----------------------
         Total | 100.0 | 100.0 |   1.5 |  33.9 |  30.8 | 458.3
       Dungeon | 100.0 | 100.0 |   1.5 |  33.9 |  30.8 | 458.3
               +-------+-------+-------+-------+-------+----------------------

Table legend:
 A = Kills in this place as a percentage of kills in entire the game.
 B = Kills by you in this place as a percentage of kills by you in the entire game.
 C = Kills by friends in this place as a percentage of kills by friends in the entire game.
 D = Other kills in this place as a percentage of other kills in the entire game.
 E = Experience gained in this place as a percentage of experience gained in the entire game.
 F = Experience gained in this place divided by the number of levels of this place that you have seen.
                   A       B       C       D       E      F
               +-------+-------+-------+-------+-------+----------------------
         Total | 100.0 | 100.0 |   N/A | 100.0 | 100.0 |  50.0
       Dungeon | 100.0 | 100.0 |   N/A | 100.0 | 100.0 |  50.0
               +-------+-------+-------+-------+-------+----------------------
